 Dungeon Crawl Stone Soup version 0.31.0-1-g2c135a0 (webtiles) character file.

Game seed: 14980459822055568882

162031 Fuzzwah the Executioner (level 17, -21/190 (234) HPs)
             Began as a Minotaur Berserker on Feb 3, 2024.
             Was the Champion of Trog.
             Killed from afar by a deep elf death mage (31 damage)
             ... with a bolt of negative energy
             ... on level 3 of the Elven Halls on Feb 8, 2024.
             The game lasted 01:55:05 (28577 turns).

Fuzzwah the Executioner (Minotaur Berserker)       Turns: 28577, Time: 01:55:07

HP:   -21/190 (234) AC: 35    Str: 31    XL:     17   Next: 21%
MP:   5/5           EV: 12    Int:  4    God:    Trog [******]
Gold: 1983          SH:  0    Dex: 15    Spells: 16/16 levels left

rFire   + + .        H - +5 executioner's axe (antimagic)
rCold   + . .        (shield currently unavailable)
rNeg    . . .        n - +8 crystal plate armour
rPois   .            (helmet restricted)
rElec   +            v - scarf {rC+ rF+}
rCorr   .            D - +1 pair of gloves "Manexki" {-Tele Rampage rElec Stlth+}
SInv    .            a - +3 pair of seven-league boots {Rampage+∞}
Will    +++..        h - amulet of faith {!P} Stlth
                     f - ring of protection from fire
HPRegen 1.51/turn    S - +6 ring of strength
MPRegen 0.09/turn

%: no teleportation, rampage+∞, faith
@: berserking (expiring), strong-willed, corroded, regenerating, heavily
drained, very quick
A: horns 2, retaliatory headbutt, subdued magic 1
a: Renounce Religion, Berserk, Trog's Hand, Brothers in Arms


You were on level 3 of the Elven Halls.
You worshipped Trog.
Trog was exalted by your worship.
You visited 5 branches of the dungeon, and saw 25 of its levels.
You also visited: Ossuary and Bailey.

You collected 3089 gold pieces.
You spent 1106 gold pieces at shops.


Innate Abilities, Weirdness & Mutations

You have a pair of horns on your head.
You reflexively headbutt those who attack you in melee.
Your spells are a little easier to cast, but a little less powerful.


   Skills:
 + Level 15.0 Fighting
 * Level 22.4 Axes
 + Level 15.7 Armour
 + Level 12.4 Dodging
 + Level 9.8 Stealth
 + Level 9.8 Evocations


You had 16 spell levels left.
You didn't know any spells.
Your spell library was empty.

Inventory:

Hand Weapons
 c - the +7 falchion of Disgust {antimagic, Str+2 Int+4 Dex+3}
   (You found it on level 2 of the Elven Halls)

   Str+2:     It affects your strength (+2).
   Int+4:     It affects your intelligence (+4).
   Dex+3:     It affects your dexterity (+3).
 i - the +5 battleaxe "Yzecumu" {venom, rElec Str+4}
   (You found it on level 2 of the Orcish Mines)

   Str+4:     It affects your strength (+4).
   rElec:     It insulates you from electricity.
 k - a +2 heavy executioner's axe
 m - a +5 heavy battleaxe
 H - a +5 antimagic executioner's axe (weapon)
 P - a +5 heavy battleaxe
 W - the +6 battleaxe of Demes {flame, rElec SInv}
   (Trog gifted it to you on level 2 of the Elven Halls)

   rElec:     It insulates you from electricity.
   SInv:      It lets you see invisible.
 Z - a +2 battleaxe of flaming
Missiles
 u - a throwing net {=f}
Armour
 a - the +3 pair of seven-league boots (worn) {Rampage+∞}
   (You acquired it on level 8 of the Dungeon)

   Rampage+∞: When moving toward enemies, its wearer moves as far as possible,
   alerting their target en route.
 n - a +8 crystal plate armour (worn)
 v - a scarf of resistance (worn)
 D - the +1 pair of gloves "Manexki" (worn) {-Tele Rampage rElec Stlth+}
   (You found it in a bailey)

   rElec:     It insulates you from electricity.
   -Tele:     It prevents most forms of teleportation.
   Rampage:   It bestows one free step when moving towards enemies.
   Stlth+:    It makes you more stealthy.
 I - a +0 pair of gloves
 L - the +3 leather armour of the Earth {rPois rF+ rCorr Str+3}
   (You found it on level 3 of the Lair of Beasts)

   Str+3:     It affects your strength (+3).
   rF+:       It protects you from fire.
   rPois:     It protects you from poison rCorr: It protects you from acid and
   corrosion.
 M - the +3 leather armour of Koboeps {rElec rPois Str+3}
   (You found it on level 10 of the Dungeon)

   Str+3:     It affects your strength (+3).
   rElec:     It insulates you from electricity.
   rPois:     It protects you from poison
 U - +0 ice dragon scales
Jewellery
 f - a ring of protection from fire (left hand)
 h - an amulet of faith (around neck) {!P}
 s - a +6 ring of strength
 C - a ring of protection from cold
 E - a +5 ring of evasion
 F - a ring of fire
 N - a ring of positive energy
 R - a ring of resist corrosion
 S - a +6 ring of strength (right hand)
Wands
 x - a wand of acid (9)
 z - a wand of polymorph (6)
 G - a wand of roots (4)
 J - a wand of charming (5)
 O - a wand of flame (32)
 V - a wand of digging (14)
Scrolls
 d - 8 scrolls of teleportation {@r2}
 e - 3 scrolls of silence {!r}
 o - 4 scrolls of fear
 p - 4 scrolls of fog
 r - 2 scrolls of enchant weapon
 y - 4 scrolls of identify {@r1}
 A - 2 scrolls of blinking
 B - 2 scrolls of poison
 K - 2 scrolls of revelation
 X - 2 scrolls of vulnerability
Potions
 b - 2 potions of cancellation
 g - a potion of resistance
 j - 3 potions of invisibility
 l - 7 potions of mutation
 q - 8 potions of curing {@q1}
 t - 2 potions of might
 Q - a potion of lignification
 T - a potion of attraction
 Y - 3 potions of haste {@q3}
Miscellaneous
 w - a tin of tremorstones (2/2)

Dungeon Overview and Level Annotations

Branches:
Dungeon (15/15)            Temple (1/1) D:6            Lair (5/5) D:10
  Swamp (0/4) Lair:3       Spider (0/4) Lair:3        Slime (0/5) Lair:5
    Orc (2/2) D:10            Elf (3/3) Orc:2        Vaults (0/5) D:14
 Depths (0/4) D:15        Ossuary (visited)          Bailey (visited)

Altars:
Ashenzari
Cheibriados
Dithmenos
Elyvilon
Fedhas
Gozag
Hepliaklqana
Kikubaaqudgha
Makhleb
Nemelex Xobeh
Okawaru
Qazlal
Ru
Sif Muna
Trog
Uskayaw
Vehumet
Wu Jian
Xom
Zin
The Shining One
Jiyva

Shops:
D:4 =(*   D:9 *   D:13 :   Orc:1 *   Orc:2 (!(=(

Annotations:
Elf:2 Roxanne

.. §. ..# .. #.
.eE## .####..
.....## .#.....
.....✱.#.......
....✱✱e{{ee....
e.....eeeeee..?
▒@C▒ ▒$$▒ ▒..▒
▒..▒ ▒..▒ ▒..▒
############).#
#..#.....##)..#
#.........))###


You could see a deep elf blademaster, a deep elf death mage (empowered), 2
ghostly deep elf death magi, a deep elf annihilator (empowered), a deep elf
sorcerer (fast, empowered), 2 deep elf elementalists, 2 deep elf high priests, a
deep elf pyromancer (empowered), an air elemental, 3 lost souls, 2 dancing
weapons and a friendly stone giant (summoned, berserk).


Message History

A deep elf elementalist comes into view.
It is wielding a +0 rapier.
Your stone giant hits the deep elf death mage!!!
The lost soul assumes the form of the deep elf death mage and becomes anchored to this world!
You barely miss the ghostly deep elf death mage.
Your headbutt misses the ghostly deep elf death mage.
The ghostly deep elf death mage is lightly damaged.
You slash the ghostly deep elf death mage!
The ghostly deep elf death mage's magic leaks into the air.
You hit the deep elf high priest.
The deep elf blademaster barely misses your stone giant.
The deep elf blademaster hits your stone giant with a +0 rapier.
You closely miss the ghostly deep elf death mage.
Your headbutt misses the ghostly deep elf death mage.
The ghostly deep elf death mage is lightly damaged.
You slash the ghostly deep elf death mage!
The ghostly deep elf death mage's magic leaks into the air.
You miss the deep elf high priest.
The deep elf high priest hits you but does no damage.
The ghostly deep elf death mage hits your stone giant with a +0 short sword.
The deep elf high priest calls down the wrath of its god upon you.
Something smites you!
* * * LOW HITPOINT WARNING * * *
The ghostly deep elf death mage casts a spell at you.
The bolt of negative energy hits you!!!
You feel drained.
* * * LOW HITPOINT WARNING * * *
The deep elf death mage gestures at you while chanting.
The bolt of negative energy hits the ghostly deep elf death mage.
The ghostly deep elf death mage completely resists.
The bolt of negative energy hits you!!
You feel drained.
You die...

Skill      XL: |  1  2  3  4  5  6  7  8  9 10 11 12 13 14 15 16 17 |
---------------+----------------------------------------------------+-----
Axes           | 4 5 6 7 8 9 12 13 15 16 17 18 20 21 22 | 22.4
Fighting       | 4 5 6 8 9 10 11 12 13 14 15 | 15.0
Dodging        | 3 4 6 7 9 10 11 12 | 12.4
Armour         | 3 4 5 8 9 10 11 12 13 14 15 | 15.7
Stealth        | 1 3 5 6 7 8 9 |  9.8
Evocations     | 1 3 5 6 7 8 9 |  9.8

Action                     |  1- 3 |  4- 6 |  7- 9 | 10-12 | 13-15 | 16-18 || total
---------------------------+-------+-------+-------+-------+-------+-------++-------
  Melee: Hand axe          |   114 |   136 |   237 |    29 |       |       ||   516
         Headbutt          |    13 |    31 |    57 |    64 |   125 |    66 ||   356
         Punch             |       |       |     3 |       |       |       ||     3
         War axe           |       |       |    64 |       |       |       ||    64
         Battleaxe         |       |       |       |   310 |   169 |       ||   479
         Executioner's axe |       |       |       |       |   446 |   327 ||   773
 Invoke: Berserk           |       |     1 |     3 |     1 |     6 |     3 ||    14
         Brothers in Arms  |       |       |       |       |     1 |     5 ||     6
         Trog's Hand       |       |       |       |       |       |     3 ||     3
    Use: Potion            |       |     1 |     4 |     1 |     7 |    10 ||    23
         Scroll            |       |       |    14 |    14 |     6 |     3 ||    37
   Stab: Invisible         |       |       |       |       |     5 |       ||     5
         Distracted        |       |       |       |       |       |     2 ||     2
 Armour: Animal skin       |    72 |     1 |       |       |       |       ||    73
         Chain mail        |       |   121 |   211 |       |       |       ||   332
         Crystal plate arm |       |       |    30 |   386 |   734 |   337 ||  1487
  Dodge: Dodged            |    87 |    65 |   136 |   206 |   626 |   115 ||  1235

Levels and vault maps discovered:
D:1:      giann_bridges, layout_basic, hellmonk_ecumenical_altar_prayer_group,
          minmay_3d_cube
D:2:      layout_rooms, chequers_garden
D:4:      layout_layer_cave, mainiacjoe_ossuary_entry_dusty_tomb, serial_shops,
          nicolae_shop_dealshenge, nicolae_shop_statue_plus, shop,
          minmay_surrounded
D:5:      layout_layer_cave
D:6:      layout_basic, minmay_temple_entry_stoned_glass
D:7:      cheibrodos_fzero, layout_basic, mainiacjoe_overflow_catwalk,
          enter_bailey_5, interstate_on_off,
          serial_library_hellmonk_open_square, minmay_misc_feat_x
D:8:      layout_loops_ring, mainiacjoe_overflow_surrounded_room
D:9:      layout_stronghold, cheibriados_altar_1, serial_shops, shop,
          uniq_erica, uniq_joseph
D:10:     layout_roguey, nemelex_xobeh_ov_fountains_minmay,
          amcnicky_altar_gilded, grunt_lair_entry_orc_guard_hut, orc_0_dummy
D:11:     layout_basic, uniq_maurice
D:12:     layout_roguey, nrook_loot_triangle
D:13:     layout_basic, serial_shops, nicolae_shop_rolling_square
D:14:     nicolae_whirlpool, layout_stronghold, hellmonk_vaults_keyhole,
          serial_column_ruins, column_ruins_square_medium,
          column_ruins_hut_ruined, column_ruins_grid_1,
          column_ruins_corridor_straight, column_ruins_open_tiny,
          column_ruins_open_small
D:15:     gammafunk_enter_depths_forms, layout_cave_pools, nicolae_eternal_life
Temple:   kb_temple_of_zot
Lair:1:   layout_layer_cave, infiniplex_staircase_pool
Lair:2:   layout_roguey
Lair:3:   layout_concentric_octagons, swamp_mist, spider_nest_entry_webs
Lair:4:   layout_long_grid, serial_forest, infiniplex_forest_clump_medium,
          infiniplex_forest_clump_long, infiniplex_forest_lined_3,
          infiniplex_forest_end_double, infiniplex_forest_straight_3
Lair:5:   evilmike_catoblepas_cave, layout_cave_pods, slime_entry_1,
          minmay_stone_trees_small, dreamdust_gnoll_shepherd, grunt_megastairs_1
Orc:1:    layout_diamond_mine, serial_shops, shop, nicolae_orc_minecarts
Orc:2:    st_orc_open, layout_caves, serial_shops, shop,
          gammafunk_ghost_fury_of_okawaru, basic_altar
Elf:1:    layout_onion_city, nicolae_elf_shapeshifter_party
Elf:2:    nicolae_elf_blades_splatter_lattice [nicolae_blade_lattice],
          layout_rooms, uniq_roxanne
Elf:3:    minmay_elf_hall_spiked, layout_loops_ring, guppyfry_elf_castle

Notes
Turn   | Place    | Note
-------+----------+-------------------------------------------
     0 | D:1      | Fuzzwah the Minotaur Berserker began the quest for the Orb.
     0 | D:1      | Reached XP level 1. HP: 19/19 MP: 0/0
    71 | D:1      | Reached skill level 4 in Axes
    76 | D:1      | Reached XP level 2. HP: 11/27 MP: 1/1
   161 | D:1      | Found a faded altar of an unknown god.
   517 | D:1      | Reached ** piety under Trog
   518 | D:1      | Reached skill level 4 in Fighting
   573 | D:1      | Reached XP level 3. HP: 33/33 MP: 2/2
  1282 | D:2      | Reached skill level 5 in Axes
  1304 | D:2      | You fall into a shaft and drop 2 floors!
  1377 | D:4      | Found Acuplom's Antique Weapon Emporium.
  1405 | D:4      | Reached XP level 4. HP: 25/41 MP: 3/3
  1543 | D:4      | Identified the +2 chain mail of Defence {Will+}
  1586 | D:4      | Reached *** piety under Trog
  1675 | D:4      | Found a sand-covered staircase.
  1686 | Ossuary  | Entered an ossuary
  1695 | Ossuary  | Reached skill level 6 in Axes
  1695 | Ossuary  | Reached XP level 5. HP: 47/47 MP: 4/4
  1843 | Ossuary  | Reached skill level 7 in Axes
  1843 | Ossuary  | Reached XP level 6. HP: 34/53 MP: 5/5
  1964 | Ossuary  | Reached skill level 3 in Dodging
  2037 | Ossuary  | Reached skill level 3 in Armour
  2087 | Ossuary  | Reached skill level 8 in Axes
  2124 | Ossuary  | Reached skill level 5 in Fighting
  2124 | Ossuary  | Reached XP level 7. HP: 52/61 MP: 6/6
  2151 | Ossuary  | Noticed a silent spectre
  2239 | D:4      | Identified 2 potions of resistance
  2314 | D:4      | Reached **** piety under Trog
  2376 | D:4      | Found Datugox's General Store.
  2384 | D:4      | Bought a scroll of enchant weapon for 82 gold pieces
  2597 | D:4      | Reached skill level 9 in Axes
  2616 | D:4      | Found Taipag's Jewellery Shoppe.
  2849 | D:5      | Entered Level 5 of the Dungeon
  2945 | D:5      | Identified the +11 flail "Glorpo" {heavy, Dex+2}
  3119 | D:5      | Reached skill level 4 in Armour
  3451 | D:5      | Identified a scarf of resistance
  3483 | D:5      | Reached XP level 8. HP: 67/69 MP: 7/7
  3515 | D:5      | Reached ***** piety under Trog
  3516 | D:5      | Reached skill level 10 in Axes
  4751 | D:6      | Found a staircase to the Ecumenical Temple.
  4786 | D:6      | Reached skill level 6 in Fighting
  4792 | D:6      | Reached skill level 11 in Axes
  4993 | D:6      | Reached skill level 5 in Armour
  5330 | Temple   | Entered the Ecumenical Temple
  5386 | D:7      | Reached skill level 4 in Dodging
  5473 | D:7      | Reached skill level 12 in Axes
  5473 | D:7      | Reached XP level 9. HP: 42/75 MP: 8/8
  5642 | D:7      | Identified the +0 hand axe "Ohainol" {venom, Str+3}
  5687 | D:7      | Reached skill level 6 in Armour
  5934 | D:7      | Found a flagged portal.
  5952 | Bailey   | Entered a bailey
  6337 | Bailey   | Identified the +1 pair of gloves "Manexki" {-Tele Rampage
                  | rElec Stlth+}
  6345 | Bailey   | Identified a +2 crystal plate armour
  6380 | Bailey   | Reached skill level 13 in Axes
  6380 | Bailey   | Reached skill level 7 in Armour
  6583 | D:7      | Noticed a troll
  6592 | D:7      | Reached skill level 8 in Armour
  6601 | D:7      | Reached XP level 10. HP: 63/84 MP: 9/9
  6602 | D:7      | Reached skill level 7 in Fighting
  6614 | D:7      | Reached skill level 14 in Axes
  6966 | D:7      | Found a shadowy altar of Dithmenos.
  6970 | D:7      | Received a gift from Trog
  7238 | D:8      | Identified a scroll of acquirement
  7245 | D:8      | Acquired the +3 pair of seven-league boots {Rampage+∞}
  7245 | D:8      | Found the +3 pair of seven-league boots {Rampage+∞}
  7308 | D:8      | Found a broken altar of Ashenzari.
  7561 | D:4      | Bought a +5 ring of evasion for 468 gold pieces
  8032 | D:9      | Noticed Joseph
  8037 | D:9      | Killed Joseph
  8038 | D:9      | Reached skill level 9 in Armour
  8111 | D:9      | Found Koenih's Assorted Antiques.
  8301 | D:9      | Found a snail-covered altar of Cheibriados.
  8352 | D:9      | Reached skill level 15 in Axes
  8406 | D:9      | Noticed a two-headed ogre
  8412 | D:9      | Killed a two-headed ogre
  8413 | D:9      | Reached skill level 8 in Fighting
  8413 | D:9      | Reached skill level 1 in Stealth
  8604 | D:9      | Noticed Erica
  8614 | D:9      | Killed Erica
  8615 | D:9      | Reached skill level 1 in Evocations
  8763 | D:9      | Reached XP level 11. HP: 92/94 MP: 10/10
  8914 | D:9      | Reached skill level 5 in Dodging
  9167 | D:10     | Entered Level 10 of the Dungeon
  9211 | D:10     | Found a radiant altar of Vehumet.
  9282 | D:10     | Reached skill level 2 in Stealth
  9290 | D:10     | Reached skill level 2 in Evocations
  9426 | D:10     | Found a staircase to the Lair.
  9441 | Lair:1   | Entered Level 1 of the Lair of Beasts
  9446 | Lair:1   | Received a gift from Trog
  9450 | Lair:1   | Reached skill level 10 in Armour
  9556 | Lair:1   | Reached skill level 16 in Axes
  9781 | Lair:1   | Reached skill level 3 in Stealth
  9875 | Lair:1   | Reached skill level 9 in Fighting
  9935 | Lair:1   | Reached skill level 3 in Evocations
  9938 | Lair:1   | Reached skill level 6 in Dodging
 10113 | Lair:1   | Reached XP level 12. HP: 83/105 MP: 11/11
 10295 | Lair:1   | Reached skill level 4 in Stealth
 10373 | Lair:1   | Reached skill level 4 in Evocations
 11135 | Lair:2   | Reached skill level 17 in Axes
 11140 | Lair:2   | Reached skill level 11 in Armour
 11199 | Lair:2   | Reached skill level 10 in Fighting
 11199 | Lair:2   | Reached skill level 7 in Dodging
 11304 | Lair:2   | Noticed a catoblepas
 11316 | Lair:2   | Killed a catoblepas
 11464 | Lair:2   | You fall into a shaft and drop 2 floors!
 12068 | D:10     | Identified the +3 leather armour of Koboeps {rElec rPois
                  | Str+3}
 12140 | D:10     | Reached ****** piety under Trog
 12168 | D:10     | Found a staircase to the Orcish Mines.
 12186 | D:10     | Found a sparkling altar of Nemelex Xobeh.
 12552 | D:4      | Bought a +6 ring of strength for 468 gold pieces
 12770 | Lair:3   | Reached skill level 5 in Stealth
 12784 | Lair:3   | Reached skill level 5 in Evocations
 12884 | Lair:3   | Found a hole to the Spider Nest.
 12938 | Lair:3   | Received a gift from Trog
 13242 | Lair:3   | Noticed a catoblepas
 13243 | Lair:3   | Found a staircase to the Swamp.
 13251 | Lair:3   | Killed a catoblepas
 13252 | Lair:3   | Reached XP level 13. HP: 101/114 MP: 12/12
 13349 | Lair:3   | Identified the +3 leather armour of the Earth {rPois rF+
                  | rCorr Str+3}
 14053 | Lair:4   | Reached skill level 8 in Dodging
 14091 | Lair:4   | Reached skill level 18 in Axes
 14452 | Lair:5   | Entered Level 5 of the Lair of Beasts
 14452 | Lair:5   | Found a staircase to the Slime Pits.
 14453 | Lair:5   | Found a viscous altar of Jiyva.
 14520 | Lair:5   | Reached skill level 11 in Fighting
 14520 | Lair:5   | Reached skill level 12 in Armour
 14832 | Lair:5   | Reached skill level 6 in Stealth
 14847 | Lair:5   | Reached skill level 6 in Evocations
 15024 | Lair:5   | Reached skill level 9 in Dodging
 15217 | Lair:5   | Reached XP level 14. HP: 102/125 MP: 13/13
 15447 | Lair:5   | Reached skill level 19 in Axes
 16223 | Orc:1    | Entered Level 1 of the Orcish Mines
 16317 | Orc:1    | Received a gift from Trog
 16417 | Orc:1    | Found Apubeg's General Store.
 16839 | Orc:2    | Entered Level 2 of the Orcish Mines
 16854 | Orc:2    | Reached skill level 12 in Fighting
 16881 | Orc:2    | Found a radiant altar of Vehumet.
 16888 | Orc:2    | Found Rijaudde's Weapon Emporium.
 17009 | Orc:2    | Found Utienenk's Jewellery Shoppe.
 17030 | Orc:2    | Reached skill level 13 in Armour
 17062 | Orc:2    | Reached skill level 7 in Stealth
 17069 | Orc:1    | Reached skill level 7 in Evocations
 17289 | Orc:2    | Found Tautonam's Weapon Emporium.
 17293 | Orc:2    | Found Suchahie's Distillery.
 17294 | Orc:2    | Found Kuaxino's Antique Weapon Shoppe.
 17300 | Orc:2    | Bought a potion of curing for 33 gold pieces
 17300 | Orc:2    | Bought a potion of heal wounds for 55 gold pieces
 17310 | Orc:2    | Found a runed translucent gate.
 17312 | Orc:2    | Found a runed translucent gate.
 17316 | Orc:2    | Received a gift from Trog
 17539 | Orc:2    | Found a runed translucent gate.
 17543 | Orc:2    | Noticed Rachuaq's ghost (adept GnSk)
 17592 | Orc:2    | Found a staircase to the Elven Halls.
 17789 | Orc:2    | Found an iron altar of Okawaru.
 17806 | Orc:2    | Killed Rachuaq's ghost
 17814 | Orc:2    | Reached skill level 10 in Dodging
 17881 | Orc:2    | Identified the +2 robe of Ankargh {rN+ Dex-2 Archmagi}
 17882 | Orc:2    | Identified the +5 battleaxe "Yzecumu" {venom, rElec Str+4}
 18147 | D:11     | Noticed Maurice
 18163 | D:11     | Killed Maurice
 18255 | D:11     | Reached skill level 20 in Axes
 18839 | D:12     | Reached XP level 15. HP: 123/134 MP: 14/14
 19757 | D:13     | Reached skill level 13 in Fighting
 20121 | D:13     | Found Coratu's Book Emporium.
 20131 | D:13     | Received a gift from Trog
 20469 | D:13     | Reached skill level 14 in Armour
 20469 | D:13     | Reached skill level 8 in Stealth
 20937 | D:14     | Reached skill level 8 in Evocations
 21102 | D:14     | Found a gate to the Vaults.
 22424 | D:15     | Entered Level 15 of the Dungeon
 22433 | D:15     | Reached skill level 11 in Dodging
 22736 | D:15     | Reached skill level 21 in Axes
 23387 | D:15     | Found a staircase to the Depths.
 23402 | D:15     | Gained mutation: Your spells are a little easier to cast,
                  | but a little less powerful. [a shining eye]
 23406 | D:15     | Reached XP level 16. HP: 103/145 MP: 5/15
 23978 | Elf:1    | Entered Level 1 of the Elven Halls
 24459 | Elf:1    | Received a gift from Trog
 24464 | Elf:1    | Reached skill level 14 in Fighting
 25427 | Elf:2    | Paralysed by an air elemental for 1 turns
 25432 | Elf:2    | Reached skill level 9 in Stealth
 25445 | Elf:2    | Reached skill level 9 in Evocations
 25711 | Elf:2    | Paralysed by an air elemental for 1 turns
 25715 | Elf:2    | Paralysed by an air elemental for 1 turns
 25824 | Elf:2    | Identified the +7 falchion of Disgust {antimagic, Str+2
                  | Int+4 Dex+3}
 25824 | Elf:2    | Noticed Roxanne
 25895 | Elf:2    | Reached skill level 15 in Armour
 25971 | Elf:2    | Found a runed translucent gate.
 25971 | Elf:2    | Found a runed translucent gate.
 25976 | Elf:2    | Identified the +6 battleaxe of Demes {flame, rElec SInv}
                  | (Trog gifted it to you on level 2 of the Elven Halls)
 25976 | Elf:2    | Received a gift from Trog
 25997 | Elf:2    | Found a runed translucent gate.
 26802 | Elf:2    | Reached skill level 12 in Dodging
 27004 | Elf:2    | Reached skill level 22 in Axes
 27345 | Elf:3    | Entered Level 3 of the Elven Halls
 27592 | Elf:3    | Received a gift from Trog
 28074 | Elf:3    | Reached XP level 17. HP: 107/154 MP: 5/16
 28265 | Elf:3    | Noticed a deep elf master archer
 28268 | Elf:3    | Killed a deep elf master archer
 28287 | Elf:3    | Received a gift from Trog
 28541 | Elf:3    | Identified the staff "Eteklohi" {rN+++ Will+ Str-5 SInv
                  | Conj}
 28566 | Elf:3    | Noticed a deep elf blademaster
 28569 | Elf:3    | Reached skill level 15 in Fighting
 28569 | Elf:3    | Identified the amulet "Maurr" {Faith rN++ Stlth+}
 28577 | Elf:3    | HP: 10/202 [ghostly deep elf death mage/bolt of negative
                  | energy (46)]
 28577 | Elf:3    | Killed from afar by a deep elf death mage

Vanquished Creatures
  The ghost of Rachuaq the Thaumaturge, an adept GnSk of Makhleb (Orc:2)
  2 deep elf sorcerers (Elf:3)
  A deep elf death mage (Elf:3)
  2 deep elf annihilators (Elf:3)
  3 deep elf high priests (Elf:3)
  A rakshasa (D:15)
  An ice dragon (D:15)
  2 vault guards (D:14)
  An ironbound frostheart (D:14)
  6 hydras
  5 catoblepae
  4 centaur warriors
  2 ogre magi
  A death knight (D:13)
  14 two-headed ogres
  Erica (D:9)
  23 dancing weapons
  2 boulder beetles
  10 death yaks (Lair:5)
  13 deep elf knights
  3 tengu warriors
  An orc high priest (Orc:2)
  A skyshark (Lair:4)
  8 skeletal warriors (D:15)
  An arcanist (D:15)
  2 deep trolls (Orc:2)
  A glowing orange brain (shapeshifter) (D:15)
  12 deep elf archers
  A lindwurm (Lair:5)
  17 deep elf pyromancers
  2 phantasmal warriors (D:14)
  20 deep elf zephyrmancers
  4 cyclopes
  An orc sorcerer (Orc:1)
  3 orc knights (Orc:2)
  16 ugly things
  Maurice (D:11)
  6 meliai
  6 manticores
  8 black mambas
  3 kobold blastminers
  Joseph (D:9)
  7 elephants
  13 cane toads
  2 gargoyles
  A cane toad (shapeshifter) (D:11)
  A yaktaur (D:15)
  7 komodo dragons
  2 rime drakes
  3 rime drakes (shapeshifter)
  A freezing wraith (D:14)
  3 tengu conjurers
  13 trolls
  35 blink frogs
  10 dream sheep (Lair:5)
  10 slime creatures
  A centaur simulacrum (D:14)
  4 shadows
  2 wraiths
  A shapeshifter (Elf:1)
  3 air elementals
  4 wyverns
  A basilisk (Lair:2)
  3 water elementals
  4 steam dragons
  A yak (shapeshifter) (Elf:1)
  A human (D:14)
  49 yaks
  2 wargs
  2 fire elementals (Elf:1)
  A redback (Lair:3)
  12 vampire mosquitoes
  A naga (shapeshifter) (Elf:1)
  3 acid dragons
  15 water moccasins
  2 ice beasts
  5 black bears
  19 orc warriors
  A sky beast (D:7)
  An ice beast (shapeshifter) (Elf:1)
  2 laughing skulls (D:14)
  20 ogres
  A tengu (shapeshifter) (Elf:1)
  3 wolves (Lair:2)
  10 centaurs
  2 kobold brigands
  A weeping skull (Ossuary)
  A brain worm (shapeshifter) (Elf:1)
  19 bullfrogs
  2 earth elementals (Elf:3)
  6 scorpions
  4 wights (D:10)
  A water moccasin zombie (Ossuary)
  7 killer bees
  8 howler monkeys
  4 electric eels (D:11)
  A human zombie (Ossuary)
  A bullfrog zombie (Ossuary)
  3 centaur zombies (Ossuary)
  15 orc priests
  A jelly (D:7)
  2 bombardier beetles (D:5)
  A gnoll bouda (Lair:5)
  3 hounds
  18 orc wizards
  2 sleepcaps
  3 iguanas
  A scorpion zombie (Ossuary)
  6 ogre zombies (Ossuary)
  3 gnolls (D:5)
  3 adders
  A shadow imp (D:6)
  2 white imps (D:7)
  4 ufetubi (D:5)
  3 adder zombies (Ossuary)
  2 ribbon worms (D:2)
  2 dart slugs (D:1)
  55 orcs
  4 ball pythons
  5 bats
  5 endoplasms
  4 gnoll zombies (Ossuary)
  7 goblins
  10 hobgoblins
  3 jackals (D:5)
  2 quokkas
  4 frilled lizards
  A goblin zombie (Ossuary)
  3 hobgoblin zombies (Ossuary)
  15 kobolds
  4 orc zombies (Ossuary)
  6 rats
755 creatures vanquished.

Vanquished Creatures (collateral kills)
  A deep elf master archer (Elf:3)
  A deep elf elementalist (Elf:3)
  A deep elf sorcerer (Elf:3)
  A deep elf demonologist (Elf:3)
  A deep elf annihilator (Elf:3)
  A deep elf death mage (Elf:3)
  A great orb of eyes (D:15)
  A deep elf high priest (Elf:3)
  A deep elf knight (Elf:2)
  2 deep elf archers
  A deep elf zephyrmancer (Elf:2)
12 creatures vanquished.

Vanquished Creatures (others)
  A deep elf knight (Elf:2)
  An orc wizard (Orc:2)
2 creatures vanquished.

Grand Total: 769 creatures vanquished

Table legend: (Time is in decaauts)
 A = Elapsed time spent in this place.
 B = Non-inter-level travel time spent in this place.
 C = Inter-level travel time spent in this place.
 D = Time resting spent in this place.
 E = Time spent auto-exploring this place.
 F = Levels seen in this place.
 G = Mean time per level.
                   A        B        C        D        E       F      G
               +--------+--------+--------+--------+--------+-----+--------+
         Total |  28875 |  27298 |   1577 |   4965 |  17983 |  27 | 1069.4 |
       Dungeon |  15248 |  14152 |   1096 |   2333 |   9721 |  14 | 1089.1 |
        Temple |      1 |      1 |      0 |      0 |      0 |   1 |    1.0 |
          Lair |   6189 |   5899 |    290 |    462 |   4610 |   5 | 1237.8 |
  Orcish Mines |   1832 |   1709 |    123 |    223 |   1093 |   2 |  916.0 |
   Elven Halls |   4594 |   4527 |     67 |   1701 |   2078 |   3 | 1531.3 |
       Ossuary |    508 |    508 |      0 |     66 |    278 |   1 |  508.0 |
        Bailey |    499 |    499 |      0 |    177 |    201 |   1 |  499.0 |
               +--------+--------+--------+--------+--------+-----+--------+

Top non-repeatable levels by time:
    D:14: 1975 daAuts
   Elf:2: 1814 daAuts
  Lair:1: 1763 daAuts
  Lair:5: 1677 daAuts
     D:5: 1623 daAuts
   Elf:1: 1551 daAuts
     D:7: 1383 daAuts
    D:13: 1275 daAuts
   Elf:3: 1228 daAuts
    D:15: 1225 daAuts
     D:9: 1188 daAuts
  Lair:3: 1100 daAuts
     D:4: 1068 daAuts
     D:6: 1033 daAuts
   Orc:2: 1012 daAuts

Table legend:
 A = Non-vault XP
 B = Vault XP
 C = Vault XP percentage of total XP
 D = Non-vault monster count
 E = Vault monster count
 F = Vault count percentage of total count
                 A         B        C        D         E       F
            +---------+---------+-------+---------+---------+-------
      Total |  128248 |  103226 |  44.6 |     510 |     258 |  33.6
            +---------+---------+-------+---------+---------+-------
        D:1 |      36 |       8 |  18.2 |      20 |       5 |  20.0
        D:2 |      42 |       0 |   0.0 |      17 |       0 |   0.0
        D:4 |     281 |       3 |   1.1 |      23 |       2 |   8.0
        D:5 |     847 |       0 |   0.0 |      28 |       0 |   0.0
        D:6 |     650 |       0 |   0.0 |      17 |       0 |   0.0
        D:7 |    1214 |    2206 |  64.5 |      13 |      23 |  63.9
        D:8 |    1041 |       0 |   0.0 |      15 |       0 |   0.0
        D:9 |    2684 |    1252 |  31.8 |      13 |       2 |  13.3
       D:10 |    1628 |    1164 |  41.7 |      18 |       7 |  28.0
       D:11 |    5005 |     532 |   9.6 |      23 |       1 |   4.2
       D:12 |    7176 |       0 |   0.0 |      19 |       0 |   0.0
       D:13 |   10498 |       0 |   0.0 |      25 |       0 |   0.0
       D:14 |   10063 |    7290 |  42.0 |      22 |      15 |  40.5
       D:15 |   13456 |    5747 |  29.9 |      24 |      10 |  29.4
     Lair:1 |   12161 |       0 |   0.0 |      40 |       0 |   0.0
     Lair:2 |    6490 |       0 |   0.0 |      24 |       0 |   0.0
     Lair:3 |    4269 |     184 |   4.1 |      14 |       1 |   6.7
     Lair:4 |    4676 |       0 |   0.0 |      18 |       0 |   0.0
     Lair:5 |   10934 |   16307 |  59.9 |      33 |      35 |  51.5
      Orc:1 |    1807 |    1634 |  47.5 |       8 |       4 |  33.3
      Orc:2 |    4199 |   17945 |  81.0 |      45 |      44 |  49.4
      Elf:1 |   10152 |    1312 |  11.4 |      18 |       7 |  28.0
      Elf:2 |   10824 |   26419 |  70.9 |      18 |      35 |  66.0
      Elf:3 |    8115 |   19900 |  71.0 |      15 |      21 |  58.3
    Ossuary |       0 |     620 | 100.0 |       0 |      29 | 100.0
     Bailey |       0 |     703 | 100.0 |       0 |      17 | 100.0
            +---------+---------+-------+---------+---------+-------
